 Dungeon Crawl Stone Soup version 0.27-a0-1290-g15d3ce7508 (webtiles) character file.

Game seed: 11303495750803496569

376 Ethylacetat the Chiller (level 6, -2/49 HPs)
             Began as a Naga Ice Elementalist on June 14, 2021.
             Slain by a phantom (9 damage)
             ... on level 4 of the Dungeon.
             The game lasted 00:09:55 (2629 turns).

Ethylacetat the Chiller (Naga Ice Elementalist)     Turns: 2629, Time: 00:09:55

Health: -2/49      AC:  3    Str: 11    XL:     6   Next: 73%
Magic:  13/13      EV:  9    Int: 17    God:
Gold:   190        SH:  0    Dex: 11    Spells: 7/14 levels left

rFire    + . .     SeeInvis +   k - +0 dagger (venom)
rCold    + . .     Faith    .   (no shield)
rNeg     . . .     Spirit   .   a - +0 robe
rPois    +         Reflect  .   (no helmet)
rElec    +         Harm     .   (no cloak)
rCorr    +         Rampage  .   (no gloves)
Will     .....                  (no barding)
Stlth    ++........             (no amulet)
HPRegen  0.16/turn              (no ring)
MPRegen  0.13/turn              (no ring)

@: brilliant, resistant, very slow
A: AC +2, large, see invisible, deformed body, poison resistance, slowness 2,
spit poison 1, naga tail 1
a: Spit Poison


You were on level 4 of the Dungeon.
You visited 1 branch of the dungeon, and saw 4 of its levels.

You collected 190 gold pieces.

Inventory:

Hand Weapons
 k - a +0 dagger of venom (weapon)
Armour
 a - a +0 robe (worn)
Magical Staves
 c - a staff of poison
Scrolls
 b - a scroll of enchant armour {unknown}
 d - 3 scrolls of identify {unknown}
 e - 2 scrolls of teleportation {unknown}
 l - a scroll of amnesia {unknown}
 m - a scroll of acquirement {unknown}
 o - a scroll of fear {unknown}
 p - a scroll of noise {unknown}
Potions
 j - a potion of flight {unknown}
 n - a potion of curing {unknown}


   Skills:
 - Level 1.5 Dodging
 - Level 3.0 Stealth
 + Level 4.7 Spellcasting
 + Level 6.2 Ice Magic


You had 7 spell levels left.
You knew the following spells:

 Your Spells              Type           Power      Damage    Failure   Level
a - Freeze                Ice            100%       1d11      1%          1
b - Frozen Ramparts       Ice            74%        1d9       3%          3
c - Ozocubu's Armour      Ice            37%        N/A       3%          3

Your spell library contained the following spells:

 Spells                   Type           Power      Damage    Failure   Level
 Hailstorm                Conj/Ice       21%        3d6       38%         4
 Metabolic Englaciation   Hex/Ice        10%        N/A       75%         5


Dungeon Overview and Level Annotations

Branches:
Dungeon (4/15)
 Temple: D:4-7

Altars:


Innate Abilities, Weirdness & Mutations

Your serpentine skin is tough. (AC +2)
You have supernaturally acute eyesight. (SInv)
Armour fits poorly on your strangely shaped body.
Your system is resistant to poisons. (rPois)
You cover ground very slowly.
You can spit poison.
You have a snake-like lower body.


Message History

Found a stone staircase leading down.
Casting: Frozen Ramparts (dangerous; 3% risk of failure)
Confirm with . or Enter, or press ? or * to list all spells.
Casting: Frozen Ramparts (dangerous; 3% risk of failure)
Press: ? - help, Dir - look around, f - activate The walls around you are covered in ice.
The phantom completely resists.
The wall freezes the phantom but does no damage.
The phantom hits you but does no damage.
The wall freezes the gnoll.
The gnoll barely misses you.
You closely miss the phantom.
The phantom is severely damaged.
You have got your breath back.
The wall freezes the gnoll shaman.
The phantom resists.
The wall freezes the phantom.
The phantom hits you.
* * * LOW HITPOINT WARNING * * *
The phantom blinks!
You blink.
The frozen ramparts melt away as you move.
Found a weird smoking staff and a long sword.
A hobgoblin comes into view.
You hit the phantom.
The phantom is severely damaged.
The phantom closely misses you.
You closely miss the phantom.
The phantom is severely damaged.
The phantom barely misses you.
It was a potion of brilliance.
You feel clever all of a sudden. The phantom hits you!
* * * LOW HITPOINT WARNING * * *
It was a potion of magic.
Magic courses through your body.
The hobgoblin shouts!
The gnoll closely misses you.
The phantom hits you but does no damage.
It was a potion of resistance.
You feel protected. The gnoll completely misses you.
The gnoll shaman calls upon its god to heal something.
The phantom hits you!
You die...

##..... .
#..#.##....?.# #.
###..†......... #.
###....# ....... ..
.....<.##..##..# .##
...........##..# ...#
#..†......###..###..
##.#......#.....#[#
#..#.........gg.@.#
##.#........g.##.W.#
#.<........§[........
#.........gg#.....#...|
##..........g###..##
.## ............g#
##..( .) .##..........#
...> . # #...........#
.... #.............# ##


You could see a phantom, a gnoll shaman and 2 gnolls.

Vanquished Creatures
  Sigmund (D:3)
  A scorpion (D:4)
  Jessica (D:2)
  Ijyb (D:3)
  Robin (D:3)
  An adder (D:4)
  4 dart slugs
  An orc (D:3)
  4 bats
  2 endoplasms (D:1)
  12 hobgoblins
  3 jackals (D:3)
  7 kobolds
  A quokka (D:1)
  4 ball pythons
  2 frilled lizards
  20 goblins
  3 rats (D:1)
69 creatures vanquished.

Notes
Turn   | Place    | Note
-------+----------+-------------------------------------------
     0 | D:1      | Ethylacetat the Naga Ice Elementalist began the quest for
                  | the Orb.
     0 | D:1      | Reached XP level 1. HP: 15/15 MP: 3/3
   189 | D:1      | Reached XP level 2. HP: 15/22 MP: 3/5
   868 | D:1      | Reached XP level 3. HP: 26/28 MP: 6/6
   872 | D:1      | Learned a level 3 spell: Frozen Ramparts
  1022 | D:1      | Learned a level 3 spell: Ozocubu's Armour
  1642 | D:2      | Noticed Jessica
  1647 | D:2      | Killed Jessica
  1648 | D:2      | Reached XP level 4. HP: 19/36 MP: 1/8
  1868 | D:2      | Found a faded altar of an unknown god.
  1978 | D:3      | Noticed Sigmund
  1988 | D:3      | Killed Sigmund
  1989 | D:3      | Reached skill level 5 in Ice Magic
  1989 | D:3      | Reached XP level 5. HP: 37/42 MP: 2/11
  1989 | D:3      | Reached XP level 6. HP: 44/49 MP: 2/12
  2073 | D:3      | Noticed Ijyb
  2087 | D:3      | Killed Ijyb
  2187 | D:3      | Noticed Robin
  2201 | D:3      | Killed Robin
  2340 | D:3      | Reached skill level 6 in Ice Magic
  2629 | D:4      | Slain by a phantom

Illustrated notes

Levels and vault maps discovered:
D:1:      psy_arrival_basics, layout_loops_ring, hangedman_abyss_or_decor_stabs,
          corexii_hall_statues_l, minmay_ruptured
D:2:      cheibrodos_greedy_goblins, layout_loops_ring,
          shapermc_ecumenical_altar_notcrosses, minmay_tetromino_t2,
          uniq_jessica
D:3:      layout_rooms, uniq_ijyb, uniq_robin, uniq_sigmund
D:4:      layout_cave_pools, roderic_st_hans_cross, dk_rats_in_the_wall

Skill      XL: |  1  2  3  4  5  6 |
---------------+-------------------+-----
Spellcasting   | 3 4 |  4.7
Ice Magic      | 5 6 |  6.2
Dodging        | |  1.5
Stealth        | |  3.0

Action                   |  1- 3 |  4- 6 || total
-------------------------+-------+-------++-------
Melee: Unarmed           |     7 |       ||     7
       Short sword       |    13 |    16 ||    29
       Dagger            |       |     9 ||     9
 Cast: Freeze            |    20 |     8 ||    28
       Frozen Ramparts   |     1 |     5 ||     6
       Ozocubu's Armour  |     1 |     4 ||     5
 Abil: Spit Poison       |    27 |    15 ||    42
Evoke: Wand              |       |     7 ||     7
  Use: Potion            |       |     3 ||     3
Armor: Robe              |     7 |    13 ||    20
Dodge: Dodged            |    17 |    22 ||    39

Table legend: (Time is in decaauts)
 A = Elapsed time spent in this place.
 B = Non-inter-level travel time spent in this place.
 C = Inter-level travel time spent in this place.
 D = Time resting spent in this place.
 E = Time spent auto-exploring this place.
 F = Levels seen in this place.
 G = Mean time per level.
                   A        B        C        D        E       F      G
               +--------+--------+--------+--------+--------+-----+--------+
         Total |   3273 |   3161 |    112 |      0 |   2371 |   4 |  818.2 |
       Dungeon |   3273 |   3161 |    112 |      0 |   2371 |   4 |  818.2 |
               +--------+--------+--------+--------+--------+-----+--------+

Top non-repeatable levels by time:
     D:1: 1508 daAuts
     D:2: 986 daAuts
     D:3: 654 daAuts
     D:4: 124 daAuts
